 Dungeon Crawl Stone Soup version 0.17-a0-2147-gfb20a63 (webtiles) character file.

210 tp1 the Magician (level 5, 0/28 HPs)
             Began as a Deep Elf Conjurer on Oct 24, 2015.
             Slain by an ogre
             ... wielding a +0 giant club
              (20 damage)
             ... while paralysed by miscasting Iskenderun's Battlesphere
             ... on level 5 of the Dungeon.
             The game lasted 00:19:00 (3928 turns).

tp1 the Magician (Deep Elf Conjurer)                Turns: 3928, Time: 00:19:00

Health: 0/28       AC:  2    Str:  5    XL:     5   Next: 57%
Magic:  10/15      EV:  2    Int: 21    God:
Gold:   137        SH:  0    Dex: 15    Spells: 4 memorised, 5 levels left

rFire  . . .     SeeInvis .     i - +0 quarterstaff (curse)
rCold  . . .     Clarity  .     a - +0 robe
rNeg   . . .     SustAt   .     (no shield)
rPois  .         Gourm    .     (no helmet)
rElec  .         Spirit   .     (no cloak)
rCorr  .         Warding  .     (no gloves)
rMut   +         Stasis   .     (no boots)
MR     .....                    e - amulet of resist mutation
Stlth  ++........               (no ring)
                                (no ring)

@: paralysed, very slightly contaminated, not resistant to hostile enchantments,
unstealthy
A: no striking features
a: no special abilities


You were on level 5 of the Dungeon.
You were very hungry.

You visited 1 branch of the dungeon, and saw 5 of its levels.

You collected 137 gold pieces.

Inventory:

Hand Weapons
 f - a +0 dagger
 i - a cursed +0 quarterstaff (weapon)
Armour
 a - a +0 robe (worn)
 j - a +0 leather armour
 o - a +0 robe
 s - a +0 pair of boots
Jewellery
 e - an amulet of resist mutation (around neck)
Scrolls
 d - a scroll of immolation {unknown}
 g - 5 scrolls of remove curse
 h - a scroll of random uselessness {unknown}
 l - 2 scrolls of blinking {unknown}
 q - 2 scrolls of identify {unknown}
Potions
 k - a potion of magic {unknown}
 p - 2 potions of curing {unknown}
 r - a potion of haste {unknown}
Books
 b - a book of Conjurations

   Spells                             Type                      Level
   a - Magic Dart                     Conjuration                  1
   b - Searing Ray                    Conjuration                  2
   c - Dazzling Spray                 Conjuration/Hexes            3
   d - Fulminant Prism                Conjuration/Hexes            4
   e - Iskenderun's Mystic Blast      Conjuration                  4
   f - Iskenderun's Battlesphere      Conjuration/Charms           5
Comestibles
 c - 4 bread rations
 m - 4 fruits
 n - a meat ration


   Skills:
 - Level 2.4 Dodging
 - Level 2.4 Stealth
 - Level 6.0 Spellcasting
 - Level 6.0 Conjurations
 + Level 1.3 Charms


You had 5 spell levels left.
You knew the following spells:

 Your Spells              Type           Power        Failure   Level  Hunger
a - Magic Dart            Conj           ####         1%          1    None
b - Searing Ray           Conj           ####..       1%          2    None
c - Dazzling Spray        Conj/Hex       ###.....     10%         3    ##.....
d - Iskenderun's Battles  Conj/Chrm      ###.....     67%         5    #####..


Dungeon Overview and Level Annotations

Branches:
Dungeon (5/15)
 Temple: D:4-7

Altars:
Cheibriados
Kikubaaqudgha
Makhleb
Yredelemnul


Message History

Found 18 bolts, 23 arrows and a triangular beryl amulet.
Found an escape hatch in the floor.
The ogre shouts!
There is an escape hatch in the floor here.
The ogre hits you with a giant club!
You slide downwards.
The hatch slams shut behind you.
Found 10 gold pieces and 2 blue potions.
Found a stone staircase leading down.
You see here 2 blue potions.
You see here 2 blue potions.
Casting: Magic Dart
Confirm with . or Enter, or press ? or * to list all spells.
The spell is very dangerous to cast!
Continue anyway?
Uppercase [Y]es or [N]o only, please.
The spell is very dangerous to cast!
Continue anyway?
You miscast Iskenderun's Battlesphere.
You are very lightly contaminated with residual magic.
You suddenly lose the ability to move!
The ogre hits you with a giant club!!
Ouch! That really hurt!
You die...

#. .... #$.##.###
# #.......####.##
....##.#.......#
. #.............
#.#.#####.####
#.#.# # #O#.#
##.###@#.#####.
........!......>#
.##.###.#########
#.# #.# #.# #.#
... #.


You could see an ogre.

Vanquished Creatures
  Terence (D:3)
  6 adders
  3 gnolls (D:2)
  2 oozes
  3 orcs
  12 bats
  4 hobgoblins
  15 jackals
  10 kobolds
  A quokka (D:3)
  A ball python (D:2)
  A giant cockroach (D:1)
  2 giant geckos (D:3)
  3 giant newts
  11 goblins
  A quokka skeleton (D:4)
  15 rats
91 creatures vanquished.

Notes
Turn   | Place    | Note
--------------------------------------------------------------
     0 | D:1      | tp1 the Deep Elf Conjurer began the quest for the Orb.
     0 | D:1      | Reached XP level 1. HP: 10/10 MP: 6/6
   390 | D:1      | Reached XP level 2. HP: 15/15 MP: 5/8
   403 | D:1      | Learned a level 2 spell: Searing Ray
  1273 | D:2      | Reached XP level 3. HP: 16/19 MP: 3/11
  1336 | D:2      | Learned a level 3 spell: Dazzling Spray
  1392 | D:2      | Reached skill level 5 in Spellcasting
  1444 | D:2      | Found a snail-covered altar of Cheibriados.
  1582 | D:2      | Reached skill level 6 in Spellcasting
  1582 | D:2      | Reached XP level 4. HP: 24/24 MP: 10/14
  1742 | D:2      | Found a burning altar of Makhleb.
  2269 | D:2      | Found a snail-covered altar of Cheibriados.
  2531 | D:3      | Noticed Terence
  2689 | D:3      | Reached skill level 5 in Conjurations
  2862 | D:3      | Found an ancient bone altar of Kikubaaqudgha.
  3011 | D:3      | Reached XP level 5. HP: 28/28 MP: 13/15
  3069 | D:3      | Killed Terence
  3273 | D:3      | Learned a level 5 spell: Iskenderun's Battlesphere
  3335 | D:3      | You fall through a shaft!
  3337 | D:4      | Noticed an ogre
  3339 | D:4      | Noticed an ogre
  3340 | D:4      | Found a basalt altar of Yredelemnul.
  3349 | D:4      | Noticed a phantom
  3570 | D:3      | Found an ancient bone altar of Kikubaaqudgha.
  3769 | D:3      | Reached skill level 1 in Charms
  3897 | D:5      | Entered Level 5 of the Dungeon
  3928 | D:5      | Paralysed by miscasting Iskenderun's Battlesphere for 6 turns
  3928 | D:5      | Slain by an ogre

Vault maps used:
D:1:      ncdulo_wetmaze, minmay_fountain_box, minmay_misc_feat_tiny
D:2:      nicolae_overflow_hidden_temple, cheibriados_altar_1, first_bread
D:3:      old_standard_altar, moated_statue, uniq_terence
D:4:      lemuel_crystal_altar, zin_statuary, gammafunk_temple_overflow_pools,
          old_standard_altar, enter_ossuary_2, minmay_three_crescents
D:5:      kennysheep_little_box

Action                   |  1- 3 |  4- 6 || total
-------------------------+-------+-------++-------
Melee: Unarmed           |     4 |       ||     4
       Dagger            |    12 |    16 ||    28
 Cast: Magic Dart        |    61 |    88 ||   149
       Searing Ray       |     7 |    24 ||    31
  Use: Scroll            |     1 |       ||     1
       Potion            |       |     2 ||     2
 Stab: Invisible         |       |     3 ||     3
  Eat: Chunk             |     1 |     7 ||     8
